 Dungeon Crawl Stone Soup version 0.29.1-15-g9cfb28693d (webtiles) character file.

Game seed: 7174457258180650368

107562 raph the Gelid (level 16, -27/108 HPs)
             Began as a Merfolk Ice Elementalist on Apr 13, 2023.
             Was the Champion of Hepliaklqana.
             Killed from afar by a merfolk aquamancer (28 damage)
             ... with a ball of steam
             ... on level 1 of the Shoals on Apr 14, 2023.
             The game lasted 01:03:15 (40123 turns).

raph the Gelid (Merfolk Ice Elementalist)          Turns: 40123, Time: 01:03:15

Health: -27/108    AC: 18    Str: 10    XL:     16   Next: 47%
Magic:  31/38      EV: 18    Int: 19    God:    Hepliaklqana [******]
Gold:   942        SH:  5    Dex: 16    Spells: 3/33 levels left

rFire   . . .      SeeInvis .   a - +5 bardiche
rCold   . . .      Faith    .   (shield currently unavailable)
rNeg    + . .      Spirit   .   e - +2 robe {Archmagi}
rPois   .          Reflect  +   f - +2 helmet
rElec   .          Harm     .   g - +2 cloak
rCorr   .          Rampage  .   l - +1 pair of gloves
Will    +....      Archmagi +   H - +1 pair of boots
Stlth   ++++......              S - amulet of reflection
HPRegen 0.28/turn               n - ring "Wyuck" {rN+ AC+4}
MPRegen 0.26/turn               L - ring of magical power

@: brilliant, mesmerised, hasted, very quick
A: reduced essence, (nimble swimmer 2), mertail
a: Renounce Religion, Recall Ancestor, Ancestor Identity, Transference, Idealise


You were on level 1 of the Shoals.
You worshipped Hepliaklqana.
Hepliaklqana was exalted by your worship.
You visited 5 branches of the dungeon, and saw 24 of its levels.

You collected 2703 gold pieces.
You spent 1761 gold pieces at shops.

Inventory:

Hand Weapons
 a - a +5 bardiche (weapon)
 b - the +3 spear "Demonbane" {drain, rF+ Int+5 Stlth-}
   (You found it on level 9 of the Dungeon)

   A truly terrible weapon, it drains the life of any living foe it strikes.
   Int:       It affects your intelligence (+5).
   rF:        It protects you from fire.
   Stlth:     It makes you less stealthy.
 X - a +0 halberd of draining
Missiles
 u - 14 boomerangs
 y - 23 poisoned darts
 E - 5 boomerangs of dispersal
 F - 5 throwing nets
Armour
 e - a +2 robe of the Archmagi (worn)
 f - a +2 helmet (worn)
 g - a +2 cloak (worn)
 l - a +1 pair of gloves (worn)
 H - a +1 pair of boots (worn)
 P - +0 acid dragon scales
Jewellery
 n - the ring "Wyuck" (left hand) {rN+ AC+4}
   (You bought it in a shop on level 2 of the Orcish Mines)

   [ring of protection]

   AC:        It affects your AC (+4).
   rN:        It protects you from negative energy.
 p - the amulet of Past Mistakes {RegenMP rF+}
   (You bought it in a shop on level 2 of the Orcish Mines)

   [amulet of magic regeneration]

   It increases your rate of magic regeneration.
   rF:        It protects you from fire.
 x - a ring of protection from fire
 A - a +6 ring of strength
 B - a ring of protection from fire
 L - a ring of magical power (right hand)
 S - an amulet of reflection (around neck)
 U - a ring of willpower
Wands
 o - a wand of digging (1)
 q - a wand of iceblast (10)
 v - a wand of charming (37)
 C - a wand of light (2)
 I - a wand of polymorph (8)
 O - a wand of mindburst (10)
 W - a wand of flame (29)
Scrolls
 c - 4 scrolls of immolation
 d - 4 scrolls of poison
 i - 8 scrolls of teleportation
 z - 5 scrolls of amnesia
 Q - 3 scrolls of identify
 R - 4 scrolls of fog
 V - 2 scrolls of silence
 Y - a scroll of magic mapping
Potions
 h - 4 potions of mutation
 j - 10 potions of curing
 k - 9 potions of attraction
 s - a potion of brilliance
 t - 3 potions of haste
 w - 3 potions of resistance
 D - 3 potions of invisibility
 G - 3 potions of flight
 J - 3 potions of magic
 K - 2 potions of cancellation
 N - a potion of berserk rage
 T - 2 potions of ambrosia
Miscellaneous
 r - a lightning rod (4/4)


   Skills:
 + Level 9.2 Fighting
 * Level 14.2 Polearms
 + Level 3.1 Armour
 + Level 10.6 Dodging
 + Level 9.6 Stealth
 - Level 9.0 Spellcasting
 * Level 10.9 Conjurations
 + Level 15.7 Ice Magic
 - Level 5.4 Air Magic
 + Level 8.0 Invocations


You had 3 spell levels left.
You knew the following spells:

 Your Spells              Type           Power      Damage    Failure   Level
a - Freeze                Ice            100%       1d11      0%          1
b - Frozen Ramparts       Ice            100%       1d16      1%          3
c - Ozocubu's Armour      Ice            100%       N/A       1%          3
d - Hailstorm             Conj/Ice       93%        3d18      1%          4
e - Ensorcelled Hibernat  Hex/Ice        100%       N/A       1%          2
f - Mephitic Cloud        Conj/Pois/Air  60%        N/A       2%          3
g - Freezing Cloud        Conj/Ice/Air   42%        6-21      2%          5
h - Fireball              Conj/Fire      30%        3d13      24%         5
i - Iskenderun's Mystic   Conj/Tloc      60%        2d13      9%          4

Your spell library contained the following spells:

 Spells                   Type           Power      Damage    Failure   Level
 Magic Dart               Conj           100%       1d8       1%          1
 Searing Ray              Conj           100%       2d8       1%          2
 Static Discharge         Conj/Air       74%        3-13/arc  1%          2
 Swiftness                Air            60%        N/A       2%          3
 Necrotise                Necr           76%        1d7       9%          1
 Passwall                 Tmut/Erth      15%        N/A       12%         2
 Ignite Poison            Fire/Tmut/Pois 19%        N/A       24%         3
 Vampiric Draining        Necr           19%        2d7       24%         3
 Iskenderun's Battlesphe  Conj           85%        2d13      2%          5
 Fulminant Prism          Conj/Hex       30%        3d16      9%          4
 Sticky Flame             Conj/Fire      60%        2d8       9%          4
 Conjure Ball Lightning   Conj/Air       37%        3x3d12    41%         6
 Orb of Destruction       Conj           42%        9d12      61%         7
 Dispel Undead            Necr           19%        3d11      63%         4
 Agony                    Necr           19%        N/A       92%         5
 Lee's Rapid Deconstruct  Erth           9%         3d8*      92%         5


Dungeon Overview and Level Annotations

Branches:
Dungeon (15/15)            Temple (1/1) D:4            Lair (5/5) D:9
 Shoals (1/4) Lair:3        Snake (0/4) Lair:2        Slime (0/5) Lair:5
    Orc (2/2) D:12            Elf (0/3) Orc:2        Vaults (0/5) D:13
 Depths (0/4) D:15

Altars:
Ashenzari
Cheibriados
Dithmenos
Elyvilon
Fedhas
Gozag
Hepliaklqana
Kikubaaqudgha
Makhleb
Nemelex Xobeh
Okawaru
Qazlal
Ru
Sif Muna
Trog
Uskayaw
Vehumet
Wu Jian
Xom
Yredelemnul
Zin
The Shining One
Lugonu

Shops:
D:10 (   Orc:2 =[=!

Portals:
Abyss: D:3

Annotations:
D:4 2 transporters
D:5 3 runed translucent doors, NimIero's ghost, novice DrAE
Lair:5 exclusion: oklob plant
Orc:2 1 runed translucent door, ponobo's ghost, journeyman MiBe


Innate Abilities, Weirdness & Mutations

Your life essence is reduced to manifest your ancestor. (-10% HP)
((You are very nimble when in or above water. (Stealth+, EV+, Speed+++)))
Your lower body shifts to a powerful aquatic tail in water.


Message History

The harpy dies! Ælfthryth hits the snapping turtle with a +0 broad axe of flaming. Ælfthryth burns the snapping turtle.
The merfolk avatar chants its luring song.
You feel clever all of a sudden.
You are engulfed in freezing vapours.
* * * LOW HITPOINT WARNING * * *
The water elemental misses you. The merfolk misses you.
The merfolk avatar chants its luring song.
You feel much better.
You are engulfed in freezing vapours.
* * * LOW HITPOINT WARNING * * *
The merfolk avatar chants its luring song.
A merfolk aquamancer comes into view. It is wielding a +0 rapier.
The water nymph flows with the water.
You slash the merfolk avatar!
The merfolk avatar is lightly wounded.
You are engulfed in freezing vapours.
* * * LOW HITPOINT WARNING * * *
The merfolk hits you from afar with a +0 trident!
* * * LOW HITPOINT WARNING * * *
The water elemental misses you. Ælfthryth hits the water nymph with a +0 broad axe of flaming. Ælfthryth burns the water nymph. Ælfthryth hits the merfolk with a +0 broad axe of flaming. Ælfthryth burns the merfolk. Ælfthryth hits the snapping turtle but does no damage. Ælfthryth closely misses the merfolk aquamancer.
The merfolk avatar chants its luring song. Ælfthryth blocks the snapping turtle's attack.
The merfolk avatar chants its luring song.
You feel much better.
You are engulfed in freezing vapours.
* * * LOW HITPOINT WARNING * * *
The merfolk aquamancer hits Ælfthryth with a +3 rapier of electrocution!
The water nymph is engulfed in freezing vapours.
The merfolk hits you from afar with a +0 trident!
* * * LOW HITPOINT WARNING * * *
The water elemental closely misses you. The merfolk impaler closely misses you.
The merfolk aquamancer gestures at you while chanting.
The ball of steam hits you!!
You die...

~~~~~~~~~~~~~≈≈≈≈≈
.......~~~~~~≈≈≈≈≈
......~~~~~~~≈≈≈≈≈
....~≈~~...~~≈≈≈≈≈
#...≈≈))))~~~~~~~
##...≈§§§~~~~~~~~~
.....~m§§§~......~
......m☼§°§.......
≈m~.§§○@m§~~...##.
.~~...○E§R~~.###
###..m###m†..#
#... ##tm.## ....#
#~†..## .....
#).~..# ..~~~
#..~~~.... ....
~..~~~~~~~~
..~~~~~.~....


You could see the friendly Ælfthryth the knight, 2 merfolk avatars, a merfolk
impaler, a merfolk aquamancer, a snapping turtle, a merfolk, a water elemental
and a water nymph (ally target).

Vanquished Creatures
  A dire elephant (D:15)
  A fire dragon (Lair:5)
  A merfolk impaler (Shoals:1)
  Harold (Orc:1)
  3 vault guards (D:13)
  5 boulder beetles
  An ogre mage (D:13)
  5 hydras
  4 centaur warriors
  3 two-headed ogres
  An orc high priest (Orc:2)
  2 skeletal warriors (D:15)
  A sea snake (Shoals:1)
  A swamp dragon (Lair:5)
  A deep elf archer (D:13)
  2 orc knights
  2 wizards
  4 harpies (Shoals:1)
  A necromancer (Lair:3)
  10 ugly things
  A wolf spider (D:15)
  2 deep elf pyromancers
  6 cyclopes
  4 manticores
  7 orc sorcerers
  4 fauns (Shoals:1)
  10 elephants
  4 black mambas
  A merfolk siren (Shoals:1)
  A water nymph (Shoals:1)
  A rime drake (Lair:5)
  6 cane toads
  An efreet (D:15)
  A kobold demonologist (D:11)
  3 tengu conjurers
  A yaktaur (D:13)
  3 komodo dragons
  5 trolls
  2 merfolk (Shoals:1)
  A meliai (D:15)
  9 polar bears (Lair:5)
  A hornet (D:9)
  2 raiju (Lair:5)
  11 blink frogs
  Prince Ribbit (Lair:3)
  14 dream sheep
  4 slime creatures
  2 wraiths (Orc:2)
  2 water elementals
  A wyvern (Lair:3)
  Eustachio (D:6)
  16 yaks
  4 basilisks
  2 steam dragons
  6 vampire mosquitoes
  6 wargs
  2 nagas (Lair:2)
  5 acid dragons
  11 water moccasins
  A swamp drake (D:12)
  An ice beast (D:5)
  12 hell hounds (Lair:5)
  A sky beast (D:7)
  17 orc warriors
  A black bear (shapeshifter) (D:14)
  12 black bears
  23 wolves
  7 ogres
  A centaur (Lair:3)
  A kobold brigand (D:9)
  7 bullfrogs
  2 necrophages
  A scorpion (D:5)
  3 gnoll sergeants
  4 killer bees
  2 electric eels (Lair:2)
  6 howler monkeys
  2 hounds
  Crazy Yiuf (D:3)
  A jelly (D:6)
  19 orc priests
  A gnoll bouda (D:9)
  5 iguanas
  Ijyb (D:2)
  16 orc wizards
  A polar bear simulacrum (Lair:3)
  3 wolf simulacra (Lair:3)
  2 yak simulacra (Lair:3)
  13 gnolls
  13 adders
  A shadow imp (D:8)
  3 ufetubi
  2 worms
  A dart slug (D:3)
  57 orcs
  3 endoplasms
  4 giant cockroaches
  16 goblins
  2 hobgoblins
  5 jackals
  17 kobolds
  4 quokkas
  8 ball pythons
  3 bats
  3 frilled lizards
  6 rats
  A river rat simulacrum (Lair:3)
  A lurking horror (D:3)
531 creatures vanquished.

Vanquished Creatures (collateral kills)
  An orc warlord (Orc:1)
  Josephine (Orc:2)
  2 vault guards (D:13)
  A rakshasa (D:14)
  A catoblepas (Lair:5)
  A hydra (D:15)
  An ogre mage (D:13)
  2 centaur warriors (D:15)
  2 orc high priests (Orc:2)
  Nergalle (D:10)
  A skeletal warrior (D:15)
  A sea snake (Shoals:1)
  4 orc knights
  8 ugly things
  2 orc sorcerers
  A harpy (Shoals:1)
  A cyclops (D:12)
  7 elephants
  A torpor snail (Lair:1)
  2 gargoyles
  2 cane toads (Lair:5)
  A merfolk siren (Shoals:1)
  2 unseen horrors (D:12)
  4 komodo dragons
  5 rime drakes
  4 trolls
  A polar bear (Lair:5)
  2 meliai (D:15)
  2 hornets
  A merfolk (D:15)
  2 raiju (Lair:5)
  13 blink frogs
  6 dream sheep
  A wyvern (Lair:2)
  A shadow (D:13)
  6 yaks
  2 water elementals (Lair:3)
  4 wraiths
  2 basilisks
  A warg (Orc:1)
  5 vampire mosquitoes
  A hell hound (Lair:5)
  6 water moccasins
  7 orc warriors
  2 ice beasts
  2 black bears (Lair:5)
  10 wolves
  2 ogres
  2 centaurs (Lair:3)
  A kobold brigand (D:8)
  4 bullfrogs
  A scorpion (D:4)
  8 killer bees
  5 howler monkeys
  9 orc priests
  2 jellies
  11 orc wizards
  A polar bear simulacrum (Lair:3)
  3 yak simulacra (Lair:3)
  7 gnolls
  3 ufetubi
  28 orcs
  4 kobolds
227 creatures vanquished.

Vanquished Creatures (others)
  7 knights
  An ancestor (D:4)
  35 fungi
  93 plants
136 creatures vanquished.

Grand Total: 894 creatures vanquished

Notes
Turn   | Place    | Note
-------+----------+-------------------------------------------
     0 | D:1      | raph the Merfolk Ice Elementalist began the quest for the
                  | Orb.
     0 | D:1      | Reached XP level 1. HP: 13/13 MP: 3/3
   479 | D:1      | Reached XP level 2. HP: 6/19 MP: 1/5
   706 | D:1      | Reached skill level 5 in Ice Magic
  1158 | D:1      | Reached XP level 3. HP: 24/24 MP: 4/6
  1162 | D:1      | Learned a level 3 spell: Frozen Ramparts
  1180 | D:1      | You fall into a shaft and drop 1 floor!
  1746 | D:1      | Found a faded altar of an unknown god.
  2135 | D:2      | Noticed Ijyb
  2151 | D:2      | Killed Ijyb
  2152 | D:2      | Reached skill level 6 in Ice Magic
  2152 | D:2      | Reached XP level 4. HP: 25/30 MP: 1/7
  2195 | D:2      | Learned a level 3 spell: Ozocubu's Armour
  3034 | D:3      | Reached XP level 5. HP: 23/35 MP: 4/9
  3145 | D:3      | Found a one-way gate to the infinite horrors of the Abyss.
  3145 | D:3      | Found a corrupted altar of Lugonu.
  3579 | D:3      | Found a blossoming altar of Fedhas.
  4071 | D:3      | Found a runed translucent door.
  4072 | D:3      | Noticed Crazy Yiuf
  4079 | D:3      | Killed Crazy Yiuf
  4503 | D:4      | Found a staircase to the Ecumenical Temple.
  4520 | Temple   | Entered the Ecumenical Temple
  4671 | Temple   | Became a worshipper of Hepliaklqana the Forgotten
  4711 | D:4      | Reached skill level 7 in Ice Magic
  4787 | D:4      | Noticed an ogre
  4838 | D:4      | Killed an ogre
  4839 | D:4      | Reached XP level 6. HP: 41/41 MP: 3/11
  5119 | D:4      | Found a transporter.
  5119 | D:4      | Found a transporter.
  5319 | D:4      | Learned a level 4 spell: Hailstorm
  5390 | D:4      | Reached * piety under Hepliaklqana
  5566 | D:4      | Reached skill level 1 in Conjurations
  5566 | D:4      | Reached XP level 7. HP: 41/41 MP: 8/12
  5599 | D:4      | Found a shadowy altar of Dithmenos.
  5622 | D:4      | Found a broken altar of Ashenzari.
  6019 | D:5      | Entered Level 5 of the Dungeon
  6028 | D:5      | Reached skill level 8 in Ice Magic
  6330 | D:5      | Found a runed translucent gate.
  6331 | D:5      | Found a runed translucent gate.
  6332 | D:5      | Found a runed translucent gate.
  6546 | D:5      | Reached ** piety under Hepliaklqana
  6547 | D:5      | Remembered your ancestor Ælfthryth as a knight
  7262 | D:5      | Reached XP level 8. HP: 46/46 MP: 7/14
  7264 | D:5      | Reached skill level 9 in Ice Magic
  7623 | D:5      | Noticed NimIero's ghost (novice DrAE)
  7798 | D:6      | Noticed Eustachio
  7805 | D:6      | Killed Eustachio
  7872 | D:6      | Reached skill level 5 in Spellcasting
  8353 | D:6      | Reached skill level 10 in Ice Magic
  8438 | D:6      | Found a hide-covered altar of Uskayaw.
  8460 | D:6      | Reached XP level 9. HP: 42/51 MP: 10/17
  8468 | D:6      | Learned a level 2 spell: Ensorcelled Hibernation
  8472 | D:6      | Learned a level 3 spell: Mephitic Cloud
  8527 | D:6      | Reached *** piety under Hepliaklqana
  9632 | D:7      | Reached skill level 1 in Fighting
 10051 | D:7      | Found a radiant altar of Vehumet.
 10112 | D:7      | Found a faded altar of an unknown god.
 10112 | D:7      | Found an ornate altar of the Wu Jian Council.
 10120 | D:7      | Found a basalt altar of Yredelemnul.
 10122 | D:7      | Found a faded altar of an unknown god.
 10124 | D:7      | Found a shimmering altar of Xom.
 10495 | D:8      | Reached skill level 11 in Ice Magic
 10555 | D:8      | Noticed a cyclops
 10689 | D:9      | Found a bloodstained altar of Trog.
 10690 | D:9      | Noticed a hornet
 10776 | D:9      | Killed a hornet
 10789 | D:9      | Reached skill level 5 in Conjurations
 10810 | D:9      | Reached XP level 10. HP: 34/63 MP: 1/19
 11037 | D:9      | Reached **** piety under Hepliaklqana
 11187 | D:9      | Learned a level 5 spell: Freezing Cloud
 11278 | D:9      | Found a staircase to the Lair.
 11312 | D:9      | Found a glowing silver altar of Zin.
 11367 | D:9      | Noticed a two-headed ogre
 11373 | D:9      | Killed a two-headed ogre
 11374 | D:9      | Reached skill level 1 in Polearms
 11716 | D:9      | Reached skill level 12 in Ice Magic
 11824 | Lair:1   | Entered Level 1 of the Lair of Beasts
 12106 | Lair:1   | Reached skill level 1 in Air Magic
 12360 | Lair:1   | Noticed a torpor snail
 12371 | Lair:1   | Killed a torpor snail
 12578 | Lair:1   | Reached XP level 11. HP: 48/70 MP: 17/21
 12972 | Lair:1   | Reached skill level 1 in Invocations
 13063 | Lair:1   | Reached skill level 5 in Polearms
 13870 | Lair:2   | Noticed a six-headed hydra
 13880 | Lair:2   | Killed a six-headed hydra
 14146 | Lair:2   | Reached skill level 5 in Fighting
 14412 | Lair:2   | Reached ***** piety under Hepliaklqana
 14413 | Lair:2   | Found a staircase to the Snake Pit.
 14844 | Lair:2   | Reached skill level 5 in Dodging
 15597 | Lair:3   | Reached skill level 13 in Ice Magic
 15613 | Lair:3   | Noticed a four-headed hydra
 15692 | Lair:3   | Killed a four-headed hydra
 15693 | Lair:3   | Reached XP level 12. HP: 35/77 MP: 7/22
 15917 | Lair:3   | Reached skill level 5 in Stealth
 15957 | Lair:3   | Found a staircase to the Shoals.
 15975 | Lair:3   | Noticed Prince Ribbit
 16180 | Lair:3   | Killed Prince Ribbit
 16204 | Lair:3   | Noticed a four-headed hydra
 16207 | Lair:3   | Killed a four-headed hydra
 18081 | Lair:4   | Noticed a seven-headed hydra
 18085 | Lair:4   | Killed a seven-headed hydra
 18859 | Lair:4   | Reached XP level 13. HP: 48/84 MP: 24/24
 19316 | Lair:5   | Entered Level 5 of the Lair of Beasts
 19765 | Lair:5   | Reached skill level 14 in Ice Magic
 20272 | Lair:5   | Found a staircase to the Slime Pits.
 20328 | Lair:5   | Reached skill level 5 in Invocations
 20345 | Lair:5   | Reached skill level 10 in Polearms
 21190 | Lair:5   | Reached XP level 14. HP: 83/92 MP: 26/26
 21938 | Lair:5   | Identified the +7 arbalest "Peunexac" {penet, Str+2 Dex+6}
 23342 | Lair:5   | Learned a level 5 spell: Fireball
 24704 | Lair:5   | Learned a level 4 spell: Iskenderun's Mystic Blast
 25315 | D:10     | Entered Level 10 of the Dungeon
 25478 | D:10     | Noticed Nergalle
 25485 | D:10     | Killed Nergalle
 25677 | D:9      | Identified the +3 spear "Demonbane" {drain, rF+ Int+5
                  | Stlth-}
 26209 | D:10     | Found an opulent altar of Gozag.
 26295 | D:10     | Found Iduawem's Antique Weapon Shoppe.
 27181 | D:11     | Reached ****** piety under Hepliaklqana
 28663 | D:12     | Reached skill level 15 in Ice Magic
 28663 | D:12     | Reached skill level 5 in Air Magic
 28897 | D:12     | Found an ornate altar of the Wu Jian Council.
 29597 | D:12     | Found a staircase to the Orcish Mines.
 30299 | Orc:1    | Entered Level 1 of the Orcish Mines
 30780 | Orc:1    | Noticed an orc warlord
 30787 | Orc:1    | Killed an orc warlord
 30788 | Orc:1    | Reached XP level 15. HP: 78/99 MP: 18/27
 31334 | Orc:1    | Noticed Harold
 31346 | Orc:1    | Killed Harold
 32132 | Orc:2    | Entered Level 2 of the Orcish Mines
 32664 | Orc:2    | Reached skill level 1 in Armour
 33441 | Orc:2    | Reached skill level 10 in Conjurations
 33652 | Orc:2    | Found Piraobariw's Distillery.
 33652 | Orc:2    | Found Mixkumyb's Jewellery Shoppe.
 33654 | Orc:2    | Found Jodimusk's Jewellery Boutique.
 33654 | Orc:2    | Found Pehutenaido's Armour Shoppe.
 33660 | Orc:2    | Bought a potion of magic for 120 gold pieces
 33668 | Orc:2    | Bought the ring "Wyuck" {rN+ AC+4} for 849 gold pieces
 33668 | Orc:2    | Bought the amulet of Past Mistakes {RegenMP rF+} for 792
                  | gold pieces
 34009 | Orc:2    | Found a runed translucent door.
 34051 | Orc:2    | Noticed Josephine
 34053 | Orc:2    | Noticed ponobo's ghost (journeyman MiBe)
 34058 | Orc:2    | Killed Josephine
 34399 | Orc:2    | Found a staircase to the Elven Halls.
 35228 | D:13     | Found a radiant altar of Vehumet.
 36157 | D:13     | Found a gate to the Vaults.
 36855 | D:14     | Reached skill level 10 in Dodging
 37908 | D:15     | Entered Level 15 of the Dungeon
 37928 | D:15     | Reached XP level 16. HP: 52/107 MP: 12/29
 38912 | D:15     | Found a staircase to the Depths.
 39652 | Shoals:1 | Entered Level 1 of the Shoals
 40123 | Shoals:1 | HP: 1/108 [merfolk/+0 trident (15)]
 40123 | Shoals:1 | Killed from afar by a merfolk aquamancer

Illustrated notes

Levels and vault maps discovered:
D:1:      dpeg_arrival_pond, layout_loops_corners,
          chequers_ecumenical_altar_grove
D:2:      kennysheep_the_goblin_king, layout_basic, serial_bayou_pond_e,
          serial_park_tiny_pond
D:3:      minmay_general_purpose_star, layout_loops_ring, fedhas_altar_3,
          amcnicky_altar_lugonu_corruption, uniq_crazy_yiuf_cottage
D:4:      gammafunk_steamed_eel, layout_gridville, minitemple,
          minmay_temple_entry_overgrown, amcnicky_mini_rare_corridor_liquid
D:5:      layout_gridville, gammafunk_ghost_necromancy
D:6:      layout_basic, mainiacjoe_overflow_concentric_impassable,
          nicolae_ossuary_entry_monument, nicolae_benzene_ring, minmay_bent,
          uniq_eustachio
D:7:      layout_loops_ring, chequers_temple_overflow_minitemple,
          mainiacjoe_overflow_alcove_2
D:8:      gammafunk_indiana_jones, layout_loops_ring, enter_bailey_3,
          kennysheep_nondescript, st_stairs_13
D:9:      cheibrodos_elevator_heist, layout_basic, lemuel_round_altar,
          trog_ov_bears_minmay, lair_entry_dummy
D:10:     layout_loops_ring, nicolae_gozag_cash_rules_everything_around_me,
          serial_shops, nicolae_shop_statue_plus, uniq_nergalle
D:11:     layout_basic, serial_curves, eino_curves_04, eino_curves_02,
          eino_curves_02, nicolae_titane
D:12:     layout_basic, erik_orc_1, serial_glass, glass_columns_b,
          glass_columns_a, minmay_ruined_shrine
D:13:     minmay_evil_eye, layout_long_grid, grunt_vaults_entry_fortified,
          minmay_misc_feat_tower, vehumet_altar_wand_db
D:14:     layout_stronghold, serial_glass, glass_columns_a, glass_columns_c,
          glass_columns_b, glass_columns_a, glass_columns_b, glass_columns_a,
          feat_on_display
D:15:     hangedman_depths_entry_try_elsewhere_first, layout_cave_pools,
          minmay_misc_feat_rugged
Temple:   jpeg_temple_clearing
Lair:1:   layout_regular_city, gauntlet_entry_generic, beast_lair_carwin_1
Lair:2:   layout_small_grid, guppyfry_snake_entry_garden, serial_bayou,
          serial_bayou_pond_a, serial_bayou_pond_c, serial_bayou_lake_a,
          serial_bayou_crossing, nicolae_quartered_pool_impasse
Lair:3:   beast_lair_carwin_large_1, layout_regular_city,
          minmay_shoals_entry_centaurs, eino_house_with_fridge,
          uniq_prince_ribbit2
Lair:4:   layout_cave_pods
Lair:5:   hangedman_lair_caniforms_friends, layout_regular_city,
          guppyfry_lair_end_dragon, slime_entry_1, minmay_lair_oklob_bushes,
          st_stairs_13, nzn_sisyphean_effort
Shoals:1: layout_shoals
Orc:1:    layout_caves, mines1_david, uniq_harold
Orc:2:    grunt_orc_tribal_feast, layout_caves, ebering_ghost_inner_flame,
          basic_altar, nicolae_orc_pool_cavern, uniq_josephine

Skill      XL: |  1  2  3  4  5  6  7  8  9 10 11 12 13 14 15 16 |
---------------+-------------------------------------------------+-----
Ice Magic      | 5 6 7 8 10 11 12 13 14 15 | 15.7
Spellcasting   | 3 4 5 6 7 8 9 |  9.0
Conjurations   | 1 2 3 5 6 7 8 9 10 | 10.9
Fighting       | 3 4 5 6 7 8 9 |  9.2
Polearms       | 4 6 8 10 12 13 14 | 14.2
Dodging        | 4 5 6 7 9 10 | 10.6
Air Magic      | 1 2 3 4 5 |  5.4
Stealth        | 3 4 6 7 8 9 |  9.6
Invocations    | 2 4 5 6 7 8 |  8.0
Armour         | 2 3 |  3.1

Action                   |  1- 3 |  4- 6 |  7- 9 | 10-12 | 13-15 | 16-18 || total
-------------------------+-------+-------+-------+-------+-------+-------++-------
Melee: Unarmed           |     2 |       |       |       |       |       ||     2
       Short sword       |     8 |    20 |       |       |       |       ||    28
       Punch             |       |     1 |       |       |       |       ||     1
       Trident           |       |    21 |    29 |       |       |       ||    50
       Halberd           |       |       |    71 |   138 |   319 |    22 ||   550
       Spear             |       |       |       |       |    32 |       ||    32
       Bardiche          |       |       |       |       |       |    38 ||    38
       Tailslap          |       |       |       |       |       |     2 ||     2
Throw: Dart              |       |       |       |       |    15 |       ||    15
 Cast: Freeze            |    35 |     1 |     1 |    16 |     6 |     2 ||    61
       Frozen Ramparts   |     8 |    33 |    39 |    47 |    91 |     3 ||   221
       Ozocubu's Armour  |       |     7 |    16 |    26 |    48 |     5 ||   102
       Hailstorm         |       |       |     3 |    16 |     8 |     4 ||    31
       Freezing Cloud    |       |       |       |    14 |   158 |    19 ||   191
       Ensorcelled Hiber |       |       |       |     1 |       |       ||     1
       Fireball          |       |       |       |       |     4 |       ||     4
Invok: Ancestor Life: Kn |       |       |     1 |       |       |       ||     1
       Recall Ancestor   |       |       |     1 |       |       |     1 ||     2
       Idealise          |       |       |       |       |     4 |     1 ||     5
Evoke: Wand              |       |     2 |       |       |       |       ||     2
       Lightning rod     |       |       |       |       |     1 |       ||     1
  Use: Potion            |     2 |       |     2 |     2 |     5 |     7 ||    18
       Scroll            |       |     9 |     4 |    11 |    10 |     6 ||    40
 Stab: Sleeping          |       |     3 |       |     1 |       |       ||     4
       Distracted        |       |       |       |     2 |    10 |     3 ||    15
Armor: Robe              |     7 |    20 |    56 |    73 |   103 |    37 ||   296
       Acid dragon scale |       |       |       |       |    47 |       ||    47
Dodge: Dodged            |    40 |    52 |    68 |   128 |   225 |    92 ||   605
Block: Other             |       |       |       |       |    33 |    22 ||    55
       Reflection        |       |       |       |       |     6 |     3 ||     9
